 Dungeon Crawl Stone Soup version 0.29.0-4-gdea44cf6ec (webtiles) character file.

Game seed: 15453181560698611131

1155 qw the Cleaver (level 8, -13/48 HPs)
             Began as a Tengu Warper on Aug 28, 2022.
             Was an Initiate of Okawaru.
             Mangled by an ogre
             ... wielding a +0 giant club
              (17 damage)
             ... on level 5 of the Dungeon.
             The game lasted 00:00:40 (5976 turns).

qw the Cleaver (Tengu Warper)                       Turns: 5976, Time: 00:00:40

Health: -13/48     AC: 14    Str: 13    XL:     8   Next: 39%
Magic:  12/12      EV:  8    Int: 15    God:    Okawaru [......]
Gold:   97         SH:  4    Dex: 13    Spells: 11/11 levels left

rFire   . . .      SeeInvis .   l - +3 hand axe
rCold   . . .      Faith    .   d - +0 buckler
rNeg    . . .      Spirit   .   o - +0 plate armour
rPois   .          Reflect  .   (helmet restricted)
rElec   .          Harm     .   (no cloak)
rCorr   .          Rampage  .   n - +0 pair of gloves
Will    .....                   (boots unavailable)
Stlth   ..........              (no amulet)
HPRegen 0.16/turn               a - +4 ring of evasion
MPRegen 0.13/turn               (no ring)

@: about to teleport, flying quickly and evasively, quick
A: beak, talons 3, nimble flight, iridescent scales 1
a: Renounce Religion


You were on level 5 of the Dungeon.
You worshipped Okawaru.
Okawaru was noncommittal.
You visited 2 branches of the dungeon, and saw 6 of its levels.

You collected 184 gold pieces.
You spent 87 gold pieces at shops.


Innate Abilities, Weirdness & Mutations

You have a beak for a mouth.
You have claws for feet.
Your magical nature lets you fly swiftly and evasively.
You are partially covered in iridescent scales. (AC +2)


   Skills:
 + Level 3.9 Fighting
 - Level 9.0 Axes
 - Level 1.0 Throwing
 - Level 4.0 Armour
 - Level 2.1 Dodging
 - Level 2.0 Shields
 - Level 2.0 Spellcasting
 - Level 2.4 Translocations


You had 11 spell levels left.
You didn't know any spells.
Your spell library contained the following spells:

 Spells                   Type           Power      Damage    Failure   Level
 Blink                    Tloc           16%        N/A       100%        2
 Gell's Gravitas          Tloc           8%         N/A       100%        3
 Lesser Beckoning         Tloc           8%         N/A       100%        3
 Teleport Other           Tloc           8%         N/A       100%        3
 Manifold Assault         Tloc           8%         N/A       100%        5

Inventory:

Hand Weapons
 k - a +0 morningstar
 l - a +3 hand axe (weapon)
Missiles
 j - 5 boomerangs (quivered)
Armour
 d - a +0 buckler (worn)
 n - a +0 pair of gloves (worn)
 o - a +0 plate armour (worn)
Jewellery
 a - a +4 ring of evasion (left hand)
 g - a ring of fire
Scrolls
 c - a scroll of teleportation
 e - 3 scrolls of identify
 m - a scroll of butterflies {unknown}
Potions
 b - 2 potions of heal wounds
 f - a potion of mutation
 h - a potion of haste
 i - 3 potions of curing
 p - a potion of might

Dungeon Overview and Level Annotations

Branches:
Dungeon (5/15)             Temple (1/1) D:4

Altars:
Cheibriados
Dithmenos
Elyvilon
Fedhas
Gozag
Hepliaklqana
Kikubaaqudgha
Makhleb
Nemelex Xobeh
Okawaru
Ru
Sif Muna
Uskayaw
Vehumet
Wu Jian
Xom
Yredelemnul
Zin
The Shining One

Shops:
D:2 *

Annotations:
D:3 1 runed translucent door, Crazy Yiuf


Message History

The centaur kicks you but does no damage.
You hit the centaur. You claw the centaur. Your peck misses the centaur.
The centaur is moderately wounded.
The centaur hits you. You block the centaur's attack.
You hit the centaur. Your kick misses the centaur.
The centaur is heavily wounded.
The centaur hits you but does no damage.
The centaur kicks you but does no damage.
You hit the centaur but do no damage. You claw the centaur, but do no damage.
The centaur is heavily wounded.
The centaur closely misses you. You block the centaur's attack.
You hit the centaur.
The centaur is severely wounded.
You block the centaur's attack. x2; The centaur closely misses you.
The centaur kicks you but does no damage.
You barely miss the centaur. You claw the centaur.
Your peck misses the centaur.
The centaur is severely wounded.
The centaur hits you but does no damage.
The centaur barely misses you.
You barely miss the centaur.
The centaur is severely wounded.
The centaur barely misses you.
The centaur kicks you but does no damage.
You hit the centaur. You claw the centaur, but do no damage.
You peck the centaur.
You kill the centaur!
Okawaru accepts your kill.
You barely miss the ogre.
The ogre hits you with a +0 giant club!!
Ouch! That really hurt!
You hit the ogre. Your kick misses the ogre.
The ogre is lightly wounded.
You slash the ogre! You claw the ogre. You peck the ogre, but do no damage.
The ogre is heavily wounded.
The ogre hits you with a +0 giant club!
5976 ||| READING 2 scrolls of teleportation.
As you read the scroll of teleportation, it crumbles to dust.
You feel strangely unstable. The ogre hits you with a +0 giant club!
You die...

#................#
################.###
#........#
#.######.## ##.#
#..####### #..#
##........
#%########.#######
#..........#
#@.##.####.# #..)O.#
#Og..# #...#...
#.#### ...#. ..###
###### ###


You could see an ogre.

Vanquished Creatures
  Menkaure (D:5)
  An ogre (D:4)
  2 centaurs (D:5)
  A phantom (D:5)
  A scorpion (D:5)
  4 howler monkeys (D:5)
  An orc priest (D:5)
  A gnoll bouda (D:5)
  A hound (D:5)
  Terence (D:2)
  3 iguanas
  3 orc wizards
  11 adders
  A shadow imp (D:5)
  An ufetubus (D:5)
  A worm (D:2)
  2 dart slugs (D:2)
  24 orcs
  5 bats
  5 endoplasms
  5 giant cockroaches
  12 goblins
  5 hobgoblins
  10 jackals
  3 quokkas
  7 ball pythons
  2 frilled lizards
  7 kobolds
  3 rats
124 creatures vanquished.

Notes
Turn   | Place    | Note
-------+----------+-------------------------------------------
     0 | D:1      | qw the Tengu Warper began the quest for the Orb.
     0 | D:1      | Reached XP level 1. HP: 12/12 MP: 4/4
     0 | D:1      | 0 ||| qw: Version: 0.1-a-89-g26bdef1
     0 | D:1      | 0 ||| qw: Game counter: 330
     0 | D:1      | 0 ||| qw: Always use a shield: true
     0 | D:1      | 0 ||| qw: God list: Okawaru
     0 | D:1      | 0 ||| qw: Allow faded altars: false
     0 | D:1      | 0 ||| qw: Do Orc after D:15 true
     0 | D:1      | 0 ||| qw: Do second Lair branch before Depths: true
     0 | D:1      | 0 ||| qw: Lair rune preference: random
     0 | D:1      | 0 ||| qw: Plans: Normal
     0 | D:1      | 0 ||| PLANNING D:1-11
    45 | D:1      | 45 ||| Stepping ~*~*~tactically~*~*~ (stealth).
   123 | D:1      | Reached XP level 2. HP: 17/17 MP: 6/6
   140 | D:1      | Reached skill level 3 in Axes
   775 | D:1      | Reached XP level 3. HP: 21/21 MP: 7/7
   779 | D:1      | 779 ||| READING 2 scrolls labelled OMORAE YKHLYFOR.
   780 | D:1      | 780 ||| READING 4 scrolls labelled URELOPR ITSYL.
   781 | D:1      | 781 ||| READING 3 scrolls of identify.
   781 | D:1      | 781 ||| IDENTIFYING murky coppery potion
   782 | D:1      | 782 ||| READING 2 scrolls of identify.
   782 | D:1      | 782 ||| IDENTIFYING bubbling black potion
   783 | D:1      | 783 ||| DROPPING scroll of vulnerability.
   784 | D:1      | 784 ||| DROPPING scroll of blinking.
   785 | D:1      | 785 ||| DROPPING potion of brilliance.
   874 | D:2      | 874 ||| Stepping ~*~*~tactically~*~*~ (hiding).
   876 | D:2      | 876 ||| Stepping ~*~*~tactically~*~*~ (hiding).
   879 | D:2      | 879 ||| Stepping ~*~*~tactically~*~*~ (hiding).
   912 | D:2      | 912 ||| Stepping ~*~*~tactically~*~*~ (stealth).
   913 | D:2      | 913 ||| Stepping ~*~*~tactically~*~*~ (stealth).
   921 | D:2      | 921 ||| Stepping ~*~*~tactically~*~*~ (stealth).
   923 | D:2      | 923 ||| Stepping ~*~*~tactically~*~*~ (stealth).
   928 | D:2      | 928 ||| Stepping ~*~*~tactically~*~*~ (stealth).
   946 | D:2      | Reached skill level 4 in Axes
   952 | D:2      | 952 ||| Stepping ~*~*~tactically~*~*~ (stealth).
   966 | D:2      | HP: 2/21 [goblin/+0 club (4)]
   967 | D:2      | 967 ||| DRINKING potion of heal wounds.
   971 | D:2      | 971 ||| FLEEEEING.
   975 | D:2      | 975 ||| FLEEEEING.
   976 | D:2      | 976 ||| FLEEEEING.
   977 | D:2      | 977 ||| FLEEEEING.
   978 | D:2      | 978 ||| FLEEEEING.
   979 | D:2      | 979 ||| FLEEEEING.
   982 | D:2      | 982 ||| FLEEEEING.
   983 | D:2      | 983 ||| FLEEEEING.
   984 | D:2      | 984 ||| FLEEEEING.
   985 | D:2      | 985 ||| FLEEEEING.
   991 | D:2      | Reached XP level 4. HP: 24/26 MP: 8/8
  1096 | D:2      | 1096 ||| Stepping ~*~*~tactically~*~*~ (stealth).
  1098 | D:2      | 1098 ||| Stepping ~*~*~tactically~*~*~ (stealth).
  1100 | D:2      | 1100 ||| Stepping ~*~*~tactically~*~*~ (stealth).
  1106 | D:2      | 1106 ||| Stepping ~*~*~tactically~*~*~ (stealth).
  1127 | D:2      | Noticed Terence
  1134 | D:2      | Killed Terence
  1135 | D:2      | Reached skill level 5 in Axes
  1290 | D:2      | Found a faded altar of an unknown god.
  1510 | D:2      | 1510 ||| STAIRDANCE
  1514 | D:1      | 1514 ||| UPGRADING to +0 scale mail.
  1524 | D:1      | 1524 ||| DROPPING +0 leather armour.
  1525 | D:1      | 1525 ||| UPGRADING to +0 chain mail.
  1535 | D:1      | 1535 ||| DROPPING +0 scale mail.
  1536 | D:1      | 1536 ||| UPGRADING to +0 pair of gloves.
  1541 | D:1      | 1541 ||| UPGRADING to +0 plate armour.
  1551 | D:1      | 1551 ||| DROPPING +0 chain mail.
  1552 | D:1      | 1552 ||| UPGRADING to +4 ring of evasion.
  1553 | D:1      | 1553 ||| READING 3 scrolls labelled KOONLYR WUGRA.
  1558 | D:1      | 1558 ||| READING scroll labelled LACROTYNUWE.
  1651 | D:2      | 1651 ||| Stepping ~*~*~tactically~*~*~ (stealth).
  1714 | D:2      | 1714 ||| Stepping ~*~*~tactically~*~*~ (stealth).
  1786 | D:2      | 1786 ||| Stepping ~*~*~tactically~*~*~ (stealth).
  1787 | D:2      | 1787 ||| Stepping ~*~*~tactically~*~*~ (stealth).
  1788 | D:2      | 1788 ||| Stepping ~*~*~tactically~*~*~ (stealth).
  1789 | D:2      | 1789 ||| Stepping ~*~*~tactically~*~*~ (stealth).
  1839 | D:2      | Found Qokh's Assorted Antiques.
  1847 | D:2      | 1847 ||| BUYING 3 scrolls labelled LUVULA HUQUZ (87 gold).
  1847 | D:2      | Bought 3 scrolls labelled LUVULA HUQUZ for 87 gold pieces
  1847 | D:2      | 1847 ||| SHOPLISTING fuming coppery potion (26 gold, have
                  | 24).
  1847 | D:2      | 1847 ||| SHOPLISTING potion of heal wounds (145 gold, have
                  | 24).
  1847 | D:2      | 1847 ||| SHOPLISTING purple potion (26 gold, have 24).
  1847 | D:2      | 1847 ||| SHOPLISTING scroll labelled GOYWEBASIE (29 gold,
                  | have 24).
  1890 | D:2      | 1890 ||| READING 3 scrolls labelled LUVULA HUQUZ.
  1891 | D:2      | 1891 ||| DROPPING 2 scrolls of amnesia.
  2105 | D:3      | Found a runed translucent door.
  2106 | D:3      | Noticed Crazy Yiuf
  2220 | D:3      | Gained mutation: Your magical nature lets you fly swiftly
                  | and evasively. [Tengu growth]
  2220 | D:3      | Reached XP level 5. HP: 27/30 MP: 9/9
  2319 | D:3      | 2319 ||| DROPPING +0 mace.
  2352 | D:3      | 2352 ||| STAIRDANCE
  2364 | D:2      | 2364 ||| READING scroll labelled ZEOCAXUMPU.
  2365 | D:2      | 2365 ||| DRINKING 2 fizzy yellow potions.
  2366 | D:2      | 2366 ||| READING 2 scrolls of identify.
  2366 | D:2      | 2366 ||| IDENTIFYING fuming brown potion
  2367 | D:2      | 2367 ||| DROPPING potion of flight.
  2376 | D:3      | 2376 ||| STAIRDANCE
  2705 | D:3      | 2705 ||| Stepping ~*~*~tactically~*~*~ (stealth).
  2718 | D:3      | 2718 ||| Stepping ~*~*~tactically~*~*~ (stealth).
  2719 | D:3      | 2719 ||| Stepping ~*~*~tactically~*~*~ (stealth).
  3005 | D:3      | 3005 ||| READING scroll labelled VECSET QEEDOCH.
  3006 | D:3      | 3006 ||| DRINKING 2 lumpy coppery potions.
  3006 | D:3      | Gained mutation: You are partially covered in iridescent
                  | scales. (AC +2) [potion of mutation]
  3007 | D:3      | 3007 ||| READING 2 scrolls of teleportation.
  3237 | D:4      | Reached skill level 6 in Axes
  3511 | D:4      | You are sucked into a shaft and drop 1 floor!
  3511 | D:5      | Entered Level 5 of the Dungeon
  3518 | D:5      | 3518 ||| Stepping ~*~*~tactically~*~*~ (stealth).
  3527 | D:5      | Reached skill level 3 in Armour
  3527 | D:5      | Reached XP level 6. HP: 35/35 MP: 10/10
  3600 | D:5      | 3600 ||| Stepping ~*~*~tactically~*~*~ (stealth).
  3621 | D:5      | Noticed a black bear
  3622 | D:5      | 3622 ||| Stepping ~*~*~tactically~*~*~ (stealth).
  3623 | D:5      | 3623 ||| Stepping ~*~*~tactically~*~*~ (stealth).
  3624 | D:5      | 3624 ||| Stepping ~*~*~tactically~*~*~ (stealth).
  3639 | D:5      | Noticed Menkaure
  3647 | D:5      | HP: 7/35 [Menkaure/nerve-wracking pain (3)]
  3648 | D:5      | 3648 ||| READING 4 scrolls of teleportation.
  3649 | D:5      | 3649 ||| DRINKING 2 potions of heal wounds.
  3651 | D:5      | Killed Menkaure
  3652 | D:5      | Reached skill level 7 in Axes
  3813 | D:5      | Reached XP level 7. HP: 37/40 MP: 11/11
  3943 | D:5      | 3943 ||| Stepping ~*~*~tactically~*~*~ (stealth).
  3945 | D:5      | 3945 ||| Stepping ~*~*~tactically~*~*~ (stealth).
  3949 | D:5      | 3949 ||| Stepping ~*~*~tactically~*~*~ (hiding).
  4068 | D:5      | 4068 ||| DROPPING +0 flail.
  4145 | D:5      | HP: 9/40 [gnoll bouda/+0 whip (5)]
  4146 | D:5      | 4146 ||| READING 3 scrolls of teleportation.
  4147 | D:5      | 4147 ||| DRINKING potion of heal wounds.
  4288 | D:5      | Reached skill level 3 in Fighting
  4331 | D:5      | 4331 ||| READING 5 scrolls of identify.
  4331 | D:5      | 4331 ||| IDENTIFYING inky potion
  4332 | D:5      | 4332 ||| READING 4 scrolls of identify.
  4332 | D:5      | 4332 ||| IDENTIFYING fuming puce potion
  4333 | D:5      | 4333 ||| READING 3 scrolls of identify.
  4333 | D:5      | 4333 ||| IDENTIFYING purple potion
  4334 | D:5      | 4334 ||| DROPPING potion of attraction.
  4335 | D:5      | 4335 ||| DROPPING potion of degeneration.
  4339 | D:5      | 4339 ||| Stepping ~*~*~tactically~*~*~ (hiding).
  4340 | D:5      | 4340 ||| Stepping ~*~*~tactically~*~*~ (hiding).
  4365 | D:5      | 4365 ||| Stepping ~*~*~tactically~*~*~ (stealth).
  4411 | D:4      | Reached skill level 8 in Axes
  4671 | D:4      | Found a staircase to the Ecumenical Temple.
  4672 | D:4      | 4672 ||| PLANNING TEMPLE
  4672 | D:4      | 4672 ||| READING scroll labelled LIUGUPR NEZESU.
  4673 | D:4      | 4673 ||| DRINKING 2 bubbling blue potions.
  4777 | D:4      | 4777 ||| DROPPING potion of berserk rage.
  4786 | Temple   | Entered the Ecumenical Temple
  4814 | Temple   | Became a worshipper of Warmaster Okawaru
  4823 | Temple   | 4823 ||| PLANNING D:1-11
  4943 | D:4      | 4943 ||| Stepping ~*~*~tactically~*~*~ (stealth).
  5116 | D:4      | 5116 ||| DROPPING +2 vorpal flail.
  5327 | D:4      | 5327 ||| UPGRADING to +0 buckler.
  5378 | D:5      | Reached skill level 1 in Shields
  5378 | D:5      | Reached XP level 8. HP: 33/46 MP: 12/12
  5486 | D:5      | 5486 ||| Stepping ~*~*~tactically~*~*~ (stealth).
  5488 | D:5      | 5488 ||| Stepping ~*~*~tactically~*~*~ (stealth).
  5592 | D:5      | 5592 ||| SWAPPING to +3 hand axe.
  5593 | D:5      | 5593 ||| DROPPING +1 hand axe.
  5848 | D:5      | 5848 ||| Stepping ~*~*~tactically~*~*~ (stealth).
  5849 | D:5      | 5849 ||| Stepping ~*~*~tactically~*~*~ (stealth).
  5864 | D:5      | Reached skill level 9 in Axes
  5962 | D:5      | 5962 ||| Stepping ~*~*~tactically~*~*~ (hiding).
  5963 | D:5      | 5963 ||| Stepping ~*~*~tactically~*~*~ (hiding).
  5975 | D:5      | HP: 4/48 [ogre/+0 giant club (12)]
  5976 | D:5      | 5976 ||| READING 2 scrolls of teleportation.
  5976 | D:5      | Mangled by an ogre

Levels and vault maps discovered:
D:1:      nzn_arrival_depleted_hourglass, layout_rooms
D:2:      layout_loops_ring, shapermc_ecumenical_altar_starsandcircs,
          serial_shops, nicolae_shop_temple_entry_statues_fountains,
          minmay_nonomino_d4, uniq_terence
D:3:      layout_basic, grunt_ministairs_6, kennysheep_generic_room_15,
          uniq_crazy_yiuf_cottage
D:4:      layout_basic, temple_pool_b
D:5:      minmay_thinvault, layout_basic, goddamned_bats, uniq_menkaure
Temple:   hellmonk_temple_of_storms

Skill      XL: |  1  2  3  4  5  6  7  8 |
---------------+-------------------------+-----
Axes           | 3 4 5 6 7 8 9 |  9.0
Armour         | 2 3 4 |  4.0
Fighting       | 3 |  3.9
Shields        | 1 2 |  2.0
Throwing       | |  1.0
Dodging        | |  2.1
Spellcasting   | |  2.0
Translocations | |  2.4

Action                   |  1- 3 |  4- 6 |  7- 9 || total
-------------------------+-------+-------+-------++-------
Melee: Hand axe          |    75 |   175 |   156 ||   406
       Kick              |    15 |    45 |    42 ||   102
       Peck              |     9 |    29 |    26 ||    64
       Punch             |       |     3 |     2 ||     5
Throw: Boomerang         |     7 |       |    11 ||    18
  Use: Scroll            |     4 |     8 |     6 ||    18
       Potion            |     1 |     3 |     2 ||     6
Armor: Leather armour    |    18 |     7 |       ||    25
       Plate armour      |       |    84 |    75 ||   159
Dodge: Dodged            |    35 |    70 |    52 ||   157
Block: Buckler           |       |       |    14 ||    14

Table legend:
 A = Non-vault XP
 B = Vault XP
 C = Vault XP percentage of total XP
 D = Non-vault monster count
 E = Vault monster count
 F = Vault count percentage of total count
                 A         B        C        D         E       F
            +---------+---------+-------+---------+---------+-------
      Total |    1175 |     475 |  28.8 |     104 |      20 |  16.1
            +---------+---------+-------+---------+---------+-------
        D:1 |      36 |       0 |   0.0 |      21 |       0 |   0.0
        D:2 |      45 |      72 |  61.5 |      23 |       8 |  25.8
        D:3 |      73 |      16 |  18.0 |      20 |       6 |  23.1
        D:4 |     241 |       0 |   0.0 |      14 |       0 |   0.0
        D:5 |     780 |     387 |  33.2 |      26 |       6 |  18.8
            +---------+---------+-------+---------+---------+-------
